 Dungeon Crawl Stone Soup version 0.24-a0-366-gc1c896e988 (webtiles) character file.

Game seed: 2968454667052593130

15 MisterOstroum the Chiller (level 2, -2/19 HPs)
             Began as a Merfolk Ice Elementalist on May 28, 2019.
             Slain by a hobgoblin
             ... wielding a +0 club
             ... led by Robin
              (5 damage)
             ... on level 1 of the Dungeon.
             The game lasted 00:05:14 (1029 turns).

MisterOstroum the Chiller (MfIE)                    Turns: 1029, Time: 00:05:14

Health: -2/19      AC:  2    Str:  5 (8)  XL:     2   Next: 50%
Magic:  5/5        EV: 13    Int: 13 (14) God:
Gold:   2          SH:  0    Dex: 12 (14) Spells: 2/5 levels left

rFire    . . .     SeeInvis .   l - +0 spear
rCold    . . .     Gourm    .   (no shield)
rNeg     . . .     Faith    .   a - +0 robe
rPois    .         Spirit   .   (no helmet)
rElec    .         Reflect  .   (no cloak)
rCorr    .         Harm     .   (no gloves)
MR       .....                  (no boots)
Stlth    ++........             (no amulet)
HPRegen  0.06/turn              (no ring)
MPRegen  0.09/turn              (no ring)

@: about to teleport
A: change form in water, swift swim, stealthy swim
a: no special abilities


You were on level 1 of the Dungeon.
You were not hungry.

You visited 1 branch of the dungeon, and saw 2 of its levels.

You collected 2 gold pieces.

Inventory:

Hand Weapons
 d - a +0 short sword
 l - a +0 spear (weapon)
Missiles
 f - 24 stones (quivered)
 g - 21 poisoned darts
Armour
 a - a +0 robe (worn)
Scrolls
 i - a scroll of identify {unknown}
 j - a scroll of random uselessness {unknown}
 k - a scroll of remove curse {unknown}
Comestibles
 e - a ration


   Skills:
 + Level 0.0 Fighting
 + Level 0.0 Polearms
 - Level 2.6 Dodging
 - Level 2.1 Stealth
 - Level 2.4 Spellcasting
 - Level 0.7 Conjurations
 - Level 3.7 Ice Magic


You had 2 spell levels left.
You knew the following spells:

 Your Spells              Type           Power        Failure   Level  Hunger
a - Freeze                Ice            ##..         5%          1    #......
b - Throw Frost           Conj/Ice       #.....       14%         2    ###....

Your spell library contained the following spells:

 Spells                   Type           Power        Failure   Level  Hunger
 Ozocubu's Armour         Chrm/Ice       #.......     32%         3    ###....
 Throw Icicle             Conj/Ice       #.......     67%         4    #####..
 Summon Ice Beast         Ice/Summ       #.......     73%         4    #####..


Dungeon Overview and Level Annotations

Branches:
Dungeon (2/15)

Altars:

Annotations:
D:2 Natasha, Robin


Message History

Confirm with . or Enter, or press ? or * to list all spells.
Aiming: Throw Frost (safe; 14% risk of failure)
Press: ? - help, Shift-Dir - straight line, f/p - hobgoblin
Aim: a hobgoblin, wielding a +0 club (severely wounded)
The puff of frost misses the hobgoblin.
Casting: Throw Frost (safe; 14% risk of failure)
Confirm with . or Enter, or press ? or * to list all spells.
Aiming: Freeze (safe; 4% risk of failure)
Press: ? - help, Shift-Dir - straight line, f/p - hobgoblin
Aim: a hobgoblin, wielding a +0 club (severely wounded)
You freeze the hobgoblin.
You kill the hobgoblin!
Casting: Freeze (safe; 4% risk of failure)
Confirm with . or Enter, or press ? or * to list all spells.
Okay, then.
You see here a cursed +0 club.
A rat comes into view.
Casting: Freeze (safe; 4% risk of failure)
Confirm with . or Enter, or press ? or * to list all spells.
You can't see any susceptible monsters within range! (Use Z to cast anyway.) Unknown command.
Casting: Freeze (safe; 4% risk of failure)
Confirm with . or Enter, or press ? or * to list all spells.
You can't see any susceptible monsters within range! (Use Z to cast anyway.)
Casting: Freeze (safe; 4% risk of failure)
Confirm with . or Enter, or press ? or * to list all spells.
You can't see any susceptible monsters within range! (Use Z to cast anyway.) Unknown command.
Casting: Freeze (safe; 4% risk of failure)
Confirm with . or Enter, or press ? or * to list all spells.
Aiming: Throw Frost (safe; 14% risk of failure)
Press: ? - help, Shift-Dir - straight line, f - rat
Aim: a rat (resting)
The puff of frost hits the rat.
You kill the rat!
You butcher the rat corpse.
b - 3 chunks of flesh (gained 1)
You see here a rat skeleton. x2
Found a spear.
k - a scroll labeled BYIDGH FOKI You see here a spear.
l - a spear Setting a skill training target for Polearms at 12.0.
Found a robe.
Wield which item (- for none, * to show all)? (? for menu, Esc to quit)
l - a +0 spear (weapon)
Some of the chunks of flesh in your inventory have rotted away.
Eating a chunk of flesh.
You eat the chunk of flesh.
This raw flesh tastes terrible.
You see here a +0 club.
There is a shaft here.
There is a shaft here.
There is an open door here.
Done exploring.
Done exploring.
Done exploring.
(D) Dungeon
Where to? (? - help)
There is a stone staircase leading down here.
You climb downwards.
Natasha, Servant of Life and Death comes into view.
Found 15 gold pieces, a dagger and 2 scrolls labeled MEENAT MUFEM.
There is a stone staircase leading up here.
You climb upwards.
There is a stone staircase leading down here.
Things that are here:
a +0 short sword; a kobold skeleton You see here a +0 club.
There is an open door here.
There is a stone staircase leading down here.
You climb downwards.
Level annotation: Natasha 7 goblins, 4 hobgoblins and Robin come into view.
A goblin is wielding a +2 dagger of protection.
The goblin shouts! x2; The hobgoblin shouts!
The goblin shouts!
The hobgoblin shouts!
The goblin shouts! x2; The hobgoblin shouts!
The goblin shouts!
The goblin closely misses you. The hobgoblin misses you.
The goblin barely misses you. The goblin closely misses you.
The goblin hits you with a +0 club.
Found a robe and a scroll labeled AKHA QEODOSEQ.
There is a stone staircase leading up here.
The goblin completely misses you. The goblin hits you with a +0 dagger.
The goblin hits you with a +0 club. The hobgoblin misses you.
The goblin misses you. The hobgoblin misses you.
The goblin hits you with a +0 club. Robin throws the goblin at you!
You climb upwards.
There is a stone staircase leading down here.
It was a potion of degeneration.
There was something very wrong with that liquid.
You feel weakened.
You feel dopey.
You feel clumsy. The goblin closely misses you.
The hobgoblin barely misses you. The goblin hits you but does no damage.
The hobgoblin hits you with a +0 club. The goblin hits you but does no damage.
As you read the scroll labeled ELENNA JEMEZAPH, it crumbles to dust.
You feel strangely unstable.
It was a scroll of teleportation.
The goblin closely misses you. The hobgoblin hits you.
* * * LOW HITPOINT WARNING * * *
The goblin closely misses you. The hobgoblin hits you with a +0 club.
You die...

#.########.#.......##.######..
#.# #....#.#.######...# #..
#.###.##.#.#.###############..
#.....#..#.#.................#
#######.##.###################
#.##.# ##########
#########.##.# #.........
##.........##'######
#.........
...............g@gg#
#.........
^#........#....ggg.#
#.........
.#........#.....g..#
#.........
.##########........#
#......... .# #........#
#.....รท... .# ###.######
#......... .# #.# #.........
.# #.# #......... .# #.#
#.####.###


You could see 2 hobgoblins and 5 goblins.

Vanquished Creatures
  2 bats (D:1)
  2 goblins (D:1)
  2 hobgoblins (D:1)
  2 jackals (D:1)
  2 kobolds (D:1)
  3 frilled lizards (D:1)
  A rat (D:1)
14 creatures vanquished.

Vanquished Creatures (others)
  4 toadstools (D:1)
4 creatures vanquished.

Grand Total: 18 creatures vanquished

Notes
Turn   | Place    | Note
-------+----------+-------------------------------------------
     0 | D:1      | MisterOstroum the Merfolk Ice Elementalist began the quest
                  | for the Orb.
     0 | D:1      | Reached XP level 1. HP: 13/13 MP: 3/3
   398 | D:1      | Reached XP level 2. HP: 19/19 MP: 3/5
   402 | D:1      | Learned a level 2 spell: Throw Frost
   998 | D:2      | Noticed Natasha
  1025 | D:2      | Noticed Robin
  1029 | D:1      | Slain by a hobgoblin

Levels and vault maps discovered:
D:1:      ldierk_walled_garden_2, layout_basic
D:2:      layout_rooms, uniq_natasha, uniq_robin

Action                   || total
-------------------------++-------
Melee: Short sword       ||     4
       Club              ||     1
       Unarmed           ||     1
Throw: Stone             ||     4
 Cast: Freeze            ||    11
       Throw Frost       ||     6
  Use: Scroll            ||     1
       Potion            ||     1
 Stab: Sleeping          ||     2
  Eat: Chunk             ||     1
Dodge: Dodged            ||    18

Table legend:
 A = Non-vault XP
 B = Vault XP
 C = Vault XP percentage of total XP
 D = Non-vault monster count
 E = Vault monster count
 F = Vault count percentage of total count
                 A         B        C        D         E       F
            +---------+---------+-------+---------+---------+-------
      Total |      22 |       0 |   0.0 |      14 |       0 |   0.0
            +---------+---------+-------+---------+---------+-------
        D:1 |      22 |       0 |   0.0 |      14 |       0 |   0.0
            +---------+---------+-------+---------+---------+-------
